[Event "Team 45 45 League T53"]
[Site "Internet Chess Club"]
[Date "2012.06.09"]
[Round "4"]
[White "Signalman"]
[Black "spongenotbob"]
[Result "0-1"]
[WhiteElo "1517"]
[BlackElo "1746"]
[Opening "Caro-Kann: Goldman (Spielmann) variation"]
[ECO "B11"]
[Time "03:38:35"]
[TimeControl "2700+45"]

1. e4 c6 2. Nc3 d5 3. Qf3 d4 4. Bc4 e6 5. Nce2 c5 6. d3 Nc6 7. Qg3 a6 8. Nf3 b5
9. Bb3 g6 10. O-O Bg7 11. Bg5 Qd7 12. Rad1 h6 13. Bc1 Nf6 14. Ne5 Nxe4 15. Nxd7
Nxg3 16. Nxg3 Bxd7 17. Ne4 Bf8 18. Rfe1 Be7 19. a3 g5 20. Ba2 O-O 21. h4 f5 22.
Nxg5 hxg5 23. hxg5 Kf7 24. f4 a5 25. Kf2 a4 26. Rh1 Rh8 27. Bd2 b4 28. Rh3 Na5
29. Rdh1 Kg7 30. Kf3 Bc6+ 31. Kf2 Bd5 32. c4 dxc3 33. Bxd5 exd5 34. bxc3 bxa3
35. Bc1 a2 36. Ba3 Nb3 37. Bb2 a3 38. Ba1 Rab8 39. Re1 Nxa1 40. Rxe7+ Kg8 41.
Re1 Nc2 42. Re2 a1=Q 43. Rxh8+ Kxh8 44. Re7 {White resigns} 0-1

[Event "Team 45 45 League T53"]
[Site "Internet Chess Club"]
[Date "2012.06.10"]
[Round "4"]
[White "Grenadier"]
[Black "McKnights"]
[Result "0-1"]
[WhiteElo "1756"]
[BlackElo "1776"]
[Opening "Bishop's opening: Berlin defense"]
[ECO "C24"]
[Time "20:00:56"]
[TimeControl "2700+45"]

1. e4 e5 2. Bc4 Nf6 3. d3 Nc6 4. Nc3 Bb4 5. Ne2 d5 6. exd5 Nxd5 7. O-O Nb6 8.
Bb3 O-O 9. Bd2 Na5 10. Ne4 Nxb3 11. Bxb4 Nxa1 12. Bxf8 Qxf8 13. Qxa1 Bd7 14. Qc1
Bc6 15. N2c3 f5 16. Ng3 Re8 17. Qg5 f4 18. Nge4 Qf7 19. Qg4 Re6 20. Qe2 Rg6 21.
f3 Nd5 22. Nxd5 Qxd5 23. Nc3 Qd4+ 24. Qf2 Bxf3 25. g3 fxg3 26. Qxd4 gxh2+ 27.
Kxh2 exd4 28. Nb5 Bd5 29. Nxc7 Bxa2 30. b3 Rc6 31. Nd5 Rxc2+ 32. Kg3 h6 33. Nb4
Rd2 34. Nxa2 Rxa2 35. Rc1 Rd2 36. Kf4 Rxd3 37. Rc8+ Kh7 38. b4 Rb3 39. Rc4 d3
40. Ke3 b5 41. Rd4 h5 42. Kf4 Kh6 43. Rd6+ g6 44. Rd4 a6 45. Ke4 h4 46. Kf4 d2
47. Rxd2 Rxb4+ 48. Kf3 a5 {White resigns} 0-1

[Event "Team 45 45 League T53"]
[Site "Internet Chess Club"]
[Date "2012.06.10"]
[Round "4"]
[White "subterfuge"]
[Black "zepled37"]
[Result "1-0"]
[WhiteElo "1701"]
[BlackElo "1577"]
[Opening "QGD: Tarrasch defense"]
[ECO "D32"]
[Time "16:18:56"]
[TimeControl "2700+45"]

1. d4 d5 2. c4 e6 3. Nf3 c5 4. cxd5 exd5 5. Nc3 Nc6 6. e3 Nf6 7. Be2 Bd6 8. dxc5
Bxc5 9. O-O O-O 10. Nb5 Bb6 11. Nbd4 Be6 12. Rb1 Rc8 13. b4 Qe7 14. Ba3 Rfd8 15.
Qd3 Qe8 16. Rfd1 h6 17. Bc1 Ne4 18. Bd2 Bg4 19. Nxc6 bxc6 20. Nd4 Bd7 21. Bf3
Qe5 22. a4 Bc7 23. g3 h5 24. Bg2 h4 25. f4 Qe7 26. Be1 Bd6 27. Bxe4 dxe4 28. Qe2
c5 29. bxc5 Bxc5 30. Nb5 Bxb5 31. Rxd8+ Rxd8 32. Rxb5 Rd3 33. Bf2 Qd7 34. Rb8+
Bf8 35. gxh4 Qxa4 36. h5 Qa1+ 37. Kg2 Qf6 38. Rb5 Qd6 39. Be1 Qa3 40. Bf2 Bc5
41. h6 g6 42. h7+ Kxh7 43. Qg4 Qa6 44. Rb8 g5 45. Qf5+ Qg6 46. Qh3+ Kg7 47. Qh8#
{Black checkmated} 1-0

[Event "Team 45 45 League T53"]
[Site "Internet Chess Club"]
[Date "2012.06.10"]
[Round "4"]
[White "GoIrish"]
[Black "oldprez"]
[Result "0-1"]
[WhiteElo "1590"]
[BlackElo "1496"]
[Opening "Réti: King's Indian attack"]
[ECO "A05"]
[Time "14:30:23"]
[TimeControl "2700+45"]

1. Nf3 Nf6 2. g3 g6 3. Bg2 Bg7 4. O-O O-O 5. d3 d6 6. e4 Nbd7 7. Nbd2 c5 8. c3
Rb8 9. Re1 Ng4 10. Nf1 Nge5 11. Bf4 Nxf3+ 12. Bxf3 b5 13. Rb1 Ne5 14. Bg2 a5 15.
Be3 Be6 16. b3 Ng4 17. Bd2 Qc8 18. Rc1 c4 19. f3 Ne5 20. Re3 Nxd3 21. Rb1 Qc5
22. b4 Qa7 23. a3 f5 24. exf5 Bxf5 25. bxa5 d5 26. f4 d4 27. Re2 dxc3+ 28. Be3
Qxa5 29. Kh1 Nb2 30. Qd5+ e6 31. Qf3 Bxb1 32. Re1 Ba2 33. Bc5 Nd3 34. Bb4 Qa7
35. Rxe6 c2 36. Qd5 Qf7 37. Re2 c1=Q {White resigns} 0-1

[Event "Team 45 45 League T53"]
[Site "Internet Chess Club"]
[Date "2012.06.06"]
[Round "4"]
[White "radiohead"]
[Black "BrerRabbit"]
[Result "1/2-1/2"]
[WhiteElo "1393"]
[BlackElo "1466"]
[Opening "Pirc: Austrian attack, dragon formation"]
[ECO "B09"]
[Time "20:33:10"]
[TimeControl "2700+45"]

1. e4 d6 2. d4 Nf6 3. Nc3 g6 4. f4 Bg7 5. Nf3 c5 6. Bb5+ Bd7 7. e5 Ng4 8. e6
fxe6 9. Bxd7+ Qxd7 10. dxc5 dxc5 11. Qxd7+ Nxd7 12. Ne4 O-O 13. Neg5 Rf6 14. Ne4
Rf7 15. Neg5 Rf6 16. Ne4 Rf7 {Game drawn by mutual agreement} 1/2-1/2

[Event "Team 45 45 League T53"]
[Site "Internet Chess Club"]
[Date "2012.06.09"]
[Round "4"]
[White "parpin"]
[Black "barbak"]
[Result "1/2-1/2"]
[WhiteElo "1929"]
[BlackElo "1937"]
[Opening "Caro-Kann: Goldman (Spielmann) variation"]
[ECO "B11"]
[Time "10:00:37"]
[TimeControl "2700+45"]

1. e4 c6 2. Nc3 d5 3. Qf3 dxe4 4. Nxe4 Nd7 5. d4 Ndf6 6. Bd3 Qxd4 7. Ne2 Qb6 8.
Be3 Qa5+ 9. c3 Nxe4 10. Bxe4 Qc7 11. O-O-O Nf6 12. Bf4 Qb6 13. Rhe1 Bg4 14. Qd3
Rd8 15. Qxd8+ Qxd8 16. Rxd8+ Kxd8 17. Bd3 Kc8 18. f3 Bh5 19. Be5 Bg6 20. Nf4
Bxd3 21. Nxd3 Nd7 22. Kc2 h5 23. b4 Rh6 24. Bd4 e6 25. Re2 Kc7 26. Rd2 b6 27.
Ne5 Nxe5 28. Bxe5+ Kc8 29. Kb3 Rg6 30. a4 Be7 31. b5 cxb5 32. axb5 Rg5 33. f4
Rg4 34. h3 Rg3 35. Ra2 Kb7 36. Rd2 Kc8 37. Ra2 Kb7 {Game drawn by mutual
agreement} 1/2-1/2

[Event "Team 45 45 League T53"]
[Site "Internet Chess Club"]
[Date "2012.06.10"]
[Round "4"]
[White "tsia68"]
[Black "Goli"]
[Result "1/2-1/2"]
[WhiteElo "1805"]
[BlackElo "1879"]
[Opening "English opening"]
[ECO "A10"]
[Time "16:31:50"]
[TimeControl "2700+45"]

1. c4 g6 2. g3 Bg7 3. Bg2 Nf6 4. Nf3 O-O 5. Nc3 d6 6. O-O Nc6 7. d3 e5 8. Rb1 a5
9. a3 Nd4 10. b4 Nxf3+ 11. Bxf3 axb4 12. axb4 Bh3 13. Re1 c6 14. Qb3 Qc7 15. b5
Be6 16. bxc6 bxc6 17. Qb6 Qxb6 18. Rxb6 d5 19. Rxc6 dxc4 20. Rxe6 fxe6 21. Bxa8
Rxa8 22. dxc4 Rc8 23. Bb2 Rxc4 24. Rd1 e4 25. Rd2 Kf7 26. Nb5 Ra4 27. Nd6+ Kg8
28. Be5 Nd5 29. Bxg7 Kxg7 30. Nb5 e3 31. fxe3 Nxe3 32. Nd4 Kf6 33. Nf3 Ra1+ 34.
Kf2 Ng4+ 35. Kg2 e5 36. h3 Ne3+ 37. Kf2 Ra3 38. Rd3 Rxd3 39. exd3 Nd5 40. Nd2
Nc3 {Game drawn by mutual agreement} 1/2-1/2

[Event "Team 45 45 League T53"]
[Site "Internet Chess Club"]
[Date "2012.06.10"]
[Round "4"]
[White "Hal2001"]
[Black "Duguesclin"]
[Result "0-1"]
[WhiteElo "1598"]
[BlackElo "1651"]
[Opening "French: Two knights variation"]
[ECO "C00"]
[Time "08:18:28"]
[TimeControl "2700+45"]

1. e4 e6 2. Nf3 d5 3. Nc3 d4 4. Ne2 c5 5. c3 Nc6 6. Ng3 d3 7. Qa4 a6 8. Qc4 b5
9. Qxd3 Bb7 10. Qc2 Rc8 11. Be2 e5 12. O-O Nf6 13. Rd1 Bd6 14. d3 h6 15. Be3 Ng4
16. Bd2 O-O 17. h3 Nf6 18. Be3 Nd4 19. Qd2 Nxe2+ 20. Qxe2 Re8 21. Nf5 Bf8 22.
Nh2 Qc7 23. g4 Re6 24. g5 hxg5 25. Bxg5 Nh7 26. Bh4 Rg6+ 27. Kh1 c4 28. Rg1 Qc6
29. Rxg6 Qxg6 30. Rg1 Qxf5 31. Rg3 cxd3 32. Qe3 Bxe4+ 33. Kg1 Bc5 34. Qd2 Qh5
35. Bg5 Qe2 36. Qxe2 dxe2 37. Bd2 Rd8 38. Be1 Rd1 {White resigns} 0-1

[Event "Team 45 45 League T53"]
[Site "Internet Chess Club"]
[Date "2012.06.09"]
[Round "4"]
[White "Konstantinos"]
[Black "DutchBird"]
[Result "1-0"]
[WhiteElo "1706"]
[BlackElo "1344"]
[Opening "QGD Slav defense"]
[ECO "D10"]
[Time "12:00:36"]
[TimeControl "2700+45"]

1. d4 d5 2. c4 c6 3. e3 Nf6 4. Nc3 g6 5. Nf3 Bg7 6. Be2 O-O 7. O-O Bg4 8. cxd5
cxd5 9. h3 Bxf3 10. Bxf3 e6 11. b3 Nc6 12. Ba3 Re8 13. Rc1 Qa5 14. Bb2 Rac8 15.
Na4 Ne4 16. Bxe4 dxe4 17. f3 f5 18. fxe4 fxe4 19. Qg4 Qd5 20. Rc5 Qd6 21. Qxe4
b6 22. Rcc1 Ne7 23. Rc2 Rxc2 24. Qxc2 Bh6 25. Qe4 Nf5 26. Re1 Qg3 27. Re2 Bxe3+
28. Kh1 Qd6 29. Rxe3 Ng3+ 30. Rxg3 Qxg3 31. d5 e5 32. d6 Qf4 33. d7 Rd8 34. Qd5+
Kf8 35. Ba3+ Kg7 36. Qd3 Qf5 37. Qe2 Rxd7 38. Bb2 Rd5 39. Nc3 Rd4 40. Nb5 Re4
41. Qd1 Rf4 42. Kg1 Qe4 43. Bc1 Rf7 44. Nd6 Rd7 45. Ne8+ Kf8 46. Qxd7 Qe1+ 47.
Kh2 Qxc1 48. Nc7 Qf4+ 49. Kg1 Qe3+ 50. Kf1 Qf4+ 51. Ke2 Qe4+ 52. Kd1 Qb1+ 53.
Kd2 Qxa2+ 54. Ke3 Qxb3+ 55. Ke4 Qc2+ 56. Kxe5 Qf5+ 57. Qxf5+ gxf5 58. Kxf5 a5
59. Nb5 Kg7 60. g4 h6 61. h4 Kf7 62. g5 hxg5 63. hxg5 Kg7 64. g6 Kg8 65. Kf6 Kf8
66. g7+ Kg8 67. Kg6 a4 68. Nd4 a3 69. Nc6 {Black resigns} 1-0

[Event "Team 45 45 League T53"]
[Site "Internet Chess Club"]
[Date "2012.06.11"]
[Round "4"]
[White "room-matt"]
[Black "gnokin"]
[Result "1-0"]
[WhiteElo "1761"]
[BlackElo "1861"]
[Opening "Nimzo-Indian: classical variation"]
[ECO "E32"]
[Time "14:01:40"]
[TimeControl "2700+45"]

1. d4 Nf6 2. c4 e6 3. Nc3 Bb4 4. Qc2 O-O 5. Bf4 c5 6. Bd6 Re8 7. O-O-O Na6 8. a3
Bxc3 9. bxc3 Qb6 10. Be5 Ng4 11. e3 d6 12. Bg3 e5 13. h3 Nf6 14. dxe5 dxe5 15.
Nf3 e4 16. Ne5 Nb8 17. Be2 Nc6 18. Ng4 Na5 19. Nxf6+ Qxf6 20. Rd6 Re6 21. Rd5 b6
22. Rhd1 Ba6 23. Bg4 Ree8 24. Rd6 Qe7 25. Rd7 Qf6 26. R1d6 Re6 27. Bxe6 fxe6 28.
Rc7 Rd8 29. Rxd8+ Qxd8 30. Be5 Nxc4 31. Rxg7+ Kf8 32. Rxh7 Qg5 33. Qxe4 {Black
resigns} 1-0

[Event "Team 45 45 League T53"]
[Site "Internet Chess Club"]
[Date "2012.06.08"]
[Round "4"]
[White "BuddyT"]
[Black "zap2"]
[Result "1-0"]
[WhiteElo "1851"]
[BlackElo "1849"]
[Opening "Queen's Indian defense"]
[ECO "A47"]
[Time "13:42:00"]
[TimeControl "2700+45"]

1. d4 Nf6 2. Nf3 b6 3. Bf4 Bb7 4. e3 d6 5. Bd3 Nbd7 6. Nbd2 Nh5 7. Bg5 h6 8. Bh4
g5 9. Bg3 Bg7 10. Ne4 Ndf6 11. Nfd2 Nxg3 12. Nxg3 e6 13. Nh5 Nxh5 14. Qxh5 Qd7
15. a4 a5 16. Nc4 O-O-O 17. Qe2 f5 18. b4 d5 19. Nd2 axb4 20. a5 Kb8 21. Nb3 e5
22. O-O exd4 23. exd4 Rde8 24. Qd2 c5 25. a6 Bc6 26. dxc5 Bc3 27. Qc1 bxc5 28.
Nxc5 Qa7 29. Na4 Re5 30. Nxc3 bxc3 31. Qa3 d4 32. Qd6+ Qc7 33. a7+ Kc8 34. a8=Q+
Bxa8 35. Rxa8+ Kb7 36. Qa6# {Black checkmated} 1-0

[Event "Team 45 45 League T53"]
[Site "Internet Chess Club"]
[Date "2012.06.06"]
[Round "4"]
[White "ScotchYeti"]
[Black "AntonioMendonca"]
[Result "0-1"]
[WhiteElo "1656"]
[BlackElo "1849"]
[Opening "Sicilian: Marshall variation"]
[ECO "B41"]
[Time "15:30:20"]
[TimeControl "2700+45"]

1. e4 e6 2. Nf3 c5 3. d4 d5 4. Nc3 dxe4 5. Nxe4 cxd4 6. Bb5+ Bd7 7. Bxd7+ Nxd7
8. Qxd4 Ngf6 9. Nd6+ Bxd6 10. Qxd6 Qe7 11. Bf4 Qxd6 12. Bxd6 Ne4 13. Ba3 Rc8 14.
Rc1 Nb6 15. Bb4 Nd5 16. Bd2 Ke7 17. c4 Nxd2 18. Kxd2 Nf4 19. g3 Rhd8+ 20. Ke3
Nd3 21. Rc2 b5 22. b3 Nb4 23. Rcc1 bxc4 24. bxc4 Rd3+ 25. Ke2 Ra3 26. Rhd1 Nxa2
27. Ra1 Nc3+ 28. Kd3 Rd8+ 29. Kc2 Nxd1 30. Rxa3 Nxf2 31. Rxa7+ Kf6 32. c5 Rc8
33. Ra5 Ne4 34. Ra7 Nxc5 35. Kd2 Rd8+ 36. Ke3 h6 37. Rc7 Rd3+ 38. Ke2 Rd5 39.
Ke3 g5 40. Nd2 Re5+ 41. Kf3 Kg6 42. Nc4 Rf5+ 43. Ke3 g4 44. Nd6 Rf3+ 45. Ke2 Nb3
46. Nc4 f6 47. Ne3 Nd4+ 48. Kd3 Nf5 {White resigns} 0-1

[Event "Team 45 45 League T53"]
[Site "Internet Chess Club"]
[Date "2012.06.06"]
[Round "4"]
[White "Terlizzi"]
[Black "beitmery"]
[Result "0-1"]
[WhiteElo "1645"]
[BlackElo "1704"]
[Opening "French: Steinitz, Boleslavsky variation"]
[ECO "C11"]
[Time "17:18:01"]
[TimeControl "2700+45"]

1. e4 e6 2. d4 d5 3. Nc3 Nf6 4. e5 Nfd7 5. f4 c5 6. Nf3 Nc6 7. Be3 Qb6 8. Rb1
Be7 9. Be2 O-O 10. O-O Qa5 11. f5 exf5 12. Nxd5 cxd4 13. Nxe7+ Nxe7 14. Bxd4
Qxa2 15. b3 Qa5 16. Ra1 Qc7 17. Bc4 Nb6 18. e6 Nxc4 19. exf7+ Rxf7 20. bxc4 Nc6
21. Bb2 Qb6+ 22. Bd4 Nxd4 23. Nxd4 Be6 24. Kh1 Rd8 25. c3 Bxc4 26. Re1 Bd5 27.
Qh5 Be4 28. Qg5 Rf6 29. Qf4 Rg6 30. Nf3 Qf2 31. Rg1 Rg4 32. Qc7 Rf8 33. Raf1 Qb2
34. h3 Rg6 35. Qc4+ Kh8 36. Qc5 Ra8 37. Rf2 Rc6 38. Qd4 Qxc3 39. Qd7 Rc7 40. Qd6
Qc6 41. Qf4 Rd8 42. Qh4 Rcd7 43. Ng5 h6 44. Nf7+ Rxf7 45. Qxd8+ Kh7 46. Qd2 Rd7
47. Qf4 b5 48. Rc1 Qb6 49. Re2 Rd4 50. Qe5 b4 51. Rb2 a5 52. Kh2 Qd6 53. Qxd6
Rxd6 54. Rc5 Rd5 55. Rc7 Rb5 56. Ra7 Kg6 57. Kg3 Kf6 58. Kf4 b3 59. Ra6+ Ke7 60.
g4 Bc2 61. Ra7+ Kd6 62. Rxg7 Rb4+ 63. Kg3 f4+ 64. Kf2 a4 65. Ra7 Kc5 66. Rc7+
Kd4 67. Rcxc2 bxc2 68. Rxc2 a3 69. Rc6 Ra4 70. Rf6 Kc3 71. Rc6+ Kb3 72. Rb6+ Rb4
73. Ra6 a2 {White resigns} 0-1

[Event "Team 45 45 League T53"]
[Site "Internet Chess Club"]
[Date "2012.06.09"]
[Round "4"]
[White "DARKwizard1"]
[Black "Bonneville"]
[Result "0-1"]
[WhiteElo "1999"]
[BlackElo "1961"]
[Opening "Ruy Lopez: Archangelsk (counterthrust) variation"]
[ECO "C78"]
[Time "16:11:13"]
[TimeControl "2700+45"]

1. e4 e5 2. Nf3 Nc6 3. Bb5 a6 4. Ba4 Nf6 5. O-O b5 6. Bb3 Bb7 7. d4 Nxe4 8. Re1
d5 9. dxe5 Na5 10. Nc3 Nxb3 11. axb3 Bb4 12. Qd3 c5 13. Bf4 O-O 14. Rad1 Qe7 15.
Rf1 Rad8 16. Ne2 d4 17. Ng3 Nxg3 18. Bxg3 Rd5 19. h4 h6 20. Qe4 f6 21. c3 Rxe5
22. Qb1 Bxf3 23. gxf3 dxc3 24. bxc3 Bxc3 25. f4 Re2 26. Qf5 Bd4 27. b4 Qe4 28.
Qg4 f5 29. Qh5 a5 30. bxc5 Bxc5 31. Rd7 Be7 32. Rfd1 Rb8 33. Kf1 Ra2 34. Kg1 b4
35. R7d4 Qe6 36. Qf3 b3 {White resigns} 0-1

[Event "Team 45 45 League T53"]
[Site "Internet Chess Club"]
[Date "2012.06.08"]
[Round "4"]
[White "pishd"]
[Black "THE-WARRIOR"]
[Result "1/2-1/2"]
[WhiteElo "1774"]
[BlackElo "1809"]
[Opening "Queen's bishop game"]
[ECO "D02"]
[Time "03:34:07"]
[TimeControl "2700+45"]

1. d4 d5 2. Nf3 Nf6 3. Bf4 e6 4. Nbd2 Nbd7 5. e3 c6 6. c4 Be7 7. Bd3 O-O 8. O-O
Nh5 9. b3 Nxf4 10. exf4 Re8 11. Qc2 Nf8 12. Rfe1 Qb6 13. c5 Qc7 14. g3 Bd7 15.
Re2 b6 16. b4 bxc5 17. bxc5 Rab8 18. Rb1 Rxb1+ 19. Qxb1 Rb8 20. Qa1 Qa5 21. Nb3
Qb4 22. Rc2 Bd8 23. Qc3 a5 24. Qxb4 Rxb4 25. Nc1 f6 26. Ne2 Bc8 27. Rc1 a4 28.
Rb1 Ba5 29. Rxb4 Bxb4 30. Kf1 Kf7 31. h4 g6 32. a3 Bxa3 33. Nc3 Nd7 34. Nxa4 Bb4
35. Ke2 Ba5 36. Ke3 Bc7 37. Be2 h6 38. Nb2 e5 39. fxe5 fxe5 40. Nd3 e4 41. Nde5+
Bxe5 42. Nxe5+ Nxe5 43. dxe5 h5 44. f3 exf3 45. Bxf3 Bf5 46. Kd4 Ke6 47. Bd1 Bg4
48. Ba4 Kd7 49. Bc2 Bf5 50. Ba4 Kc7 51. Bd1 Kd8 52. Ba4 Kc7 53. Bd1 Kd7 54. Ba4
Be6 55. Ke3 Bf7 56. Kd4 Be8 57. Bd1 Ke6 58. g4 Ke7 59. gxh5 gxh5 60. Bc2 Ke6 61.
Bd3 Bf7 62. Bc2 {Game drawn by mutual agreement} 1/2-1/2

[Event "Team 45 45 League T53"]
[Site "Internet Chess Club"]
[Date "2012.06.12"]
[Round "4"]
[White "BrerRabbit"]
[Black "Mobtaker"]
[Result "0-1"]
[WhiteElo "1480"]
[BlackElo "1731"]
[Opening "English opening"]
[ECO "A20"]
[Time "10:46:17"]
[TimeControl "2700+45"]

1. c4 e5 2. g3 Nf6 3. Bg2 d5 4. cxd5 Nxd5 5. Nc3 Nb6 6. Nf3 Nc6 7. O-O Be7 8. a3
a5 9. d3 O-O 10. Be3 Be6 11. Na4 Nd5 12. Bc5 b5 13. Bxe7 Qxe7 14. Nc3 Nxc3 15.
bxc3 Bd5 16. Nd2 Bxg2 17. Kxg2 Rfd8 18. Qb3 Qc5 19. Ne4 Qd5 20. Rab1 Rab8 21.
Qxd5 Rxd5 22. Rb3 h6 23. Rfb1 f5 24. c4 Nd4 25. cxd5 Nxb3 26. Rxb3 fxe4 27. dxe4
b4 28. axb4 Rxb4 29. Re3 a4 30. f3 Rb3 31. Kf2 Rxe3 32. Kxe3 a3 {White resigns}
0-1

[Event "Team 45 45 League T53"]
[Site "Internet Chess Club"]
[Date "2012.06.11"]
[Round "4"]
[White "Lucas"]
[Black "Svend24"]
[Result "0-1"]
[WhiteElo "2074"]
[BlackElo "1962"]
[Opening "Queen's pawn game"]
[ECO "A46"]
[Time "15:06:38"]
[TimeControl "2700+45"]

1. d4 Nf6 2. Nf3 e6 3. g3 b6 4. Bg2 Bb7 5. O-O c5 6. c4 cxd4 7. Nxd4 Bxg2 8.
Kxg2 Be7 9. Nc3 O-O 10. Bf4 a6 11. Qb3 d6 12. Be3 Qc7 13. Rfd1 Nbd7 14. Rac1
Rfc8 15. Nb1 Nc5 16. Qc2 Ng4 17. Bd2 Qb7+ 18. Kg1 Ne4 19. f3 Nxd2 20. Qxd2 Ne5
21. b3 d5 22. cxd5 Rxc1 23. Rxc1 Qxd5 24. Nc3 Qd7 25. e3 Qxd4 26. Qxd4 Nxf3+ 27.
Kf2 Nxd4 28. exd4 Rc8 29. Ne2 Rxc1 30. Nxc1 Kf8 31. Nd3 Bd6 32. Nb2 Ke7 33. Ke3
Kd7 34. Ke4 Kc6 35. Nc4 b5 36. Nb2 a5 37. Nd3 f5+ 38. Ke3 Kd5 39. Nf4+ Bxf4+ 40.
gxf4 Kd6 41. Kf3 Ke7 42. Kg3 Kf6 43. h4 Kg6 44. Kh3 Kh5 45. Kg3 b4 46. Kh3 h6
47. Kg3 g5 48. hxg5 hxg5 49. Kf3 g4+ {White resigns} 0-1

[Event "Team 45 45 League T53"]
[Site "Internet Chess Club"]
[Date "2012.06.16"]
[Round "4"]
[White "Innes"]
[Black "Tobiasdelmonte"]
[Result "1-0"]
[WhiteElo "1761"]
[BlackElo "1760"]
[Opening "Sicilian: Smith-Morra gambit"]
[ECO "B21"]
[Time "14:00:39"]
[TimeControl "2700+45"]

1. e4 c5 2. d4 cxd4 3. c3 d3 4. Bxd3 e5 5. Nf3 Nc6 6. c4 Nf6 7. O-O Bc5 8. Nc3
h6 9. Nd5 O-O 10. a3 a5 11. Be3 b6 12. Nh4 Nxe4 13. Nf5 Bxe3 14. fxe3 Nc5 15.
Nxh6+ Kh8 16. Nxf7+ Rxf7 17. Qh5+ Kg8 18. Qxf7+ Kh8 19. Qh5+ Kg8 20. Qh7# {Black
checkmated} 1-0

[Event "Team 45 45 League T53"]
[Site "Internet Chess Club"]
[Date "2012.06.10"]
[Round "4"]
[White "quotha"]
[Black "WillC"]
[Result "0-1"]
[WhiteElo "1667"]
[BlackElo "1812"]
[Opening "Réti opening"]
[ECO "A05"]
[Time "16:00:59"]
[TimeControl "2700+45"]

1. Nf3 Nf6 2. b3 d5 3. Bb2 Bf5 4. e3 e6 5. c4 Nbd7 6. Be2 Be7 7. O-O h6 8. Nc3
O-O 9. d4 c6 10. Rc1 Bd6 11. c5 Bc7 12. b4 Qe7 13. a4 a6 14. b5 axb5 15. axb5
cxb5 16. Nxb5 Nb8 17. Qb3 Nc6 18. Ra1 Rfb8 19. Rxa8 Rxa8 20. Ra1 Rxa1+ 21. Bxa1
Ne4 22. Qa3 Qd8 23. Nxc7 Qxc7 24. Qa8+ Kh7 25. Nh4 Bg6 26. Nxg6 Kxg6 27. Qa4 Kf6
28. f3 Ng5 29. h4 Nh7 30. Bc3 Ke7 31. Be1 Nf6 32. Bb5 h5 33. Bxc6 bxc6 34. Qa6
g6 35. Ba5 Qd7 36. Qa8 Ne8 37. Bb6 Nc7 38. Qh8 Nb5 39. g4 hxg4 40. fxg4 Nc3 41.
h5 gxh5 42. gxh5 Qe8 43. Qg7 Ne4 44. h6 Nf6 45. Bc7 Nh5 46. Qg5+ f6 47. Qg4 Qf7
48. Bd6+ Kd7 49. Kh2 f5 50. Qg5 Nf6 51. Qg7 Qxg7 52. hxg7 Ke8 53. Be5 Ng4+ 54.
Kh3 Kf7 55. Bf4 Kxg7 56. Kh4 Kg6 57. Bg5 Nf2 58. Bf4 Nd1 59. Bg5 Nf2 60. Bf4 Nd3
61. Bg5 e5 62. Be7 exd4 63. exd4 Nf4 64. Bd6 Ne6 65. Be5 Ng5 66. Kg3 Ne4+ 67.
Kf4 Nc3 68. Bh8 Ne2+ 69. Ke3 Ng3 70. Be5 Nh5 71. Bh2 Kg5 72. Kf3 f4 73. Bg1 Kf5
74. Bf2 Ng7 75. Be1 Ne6 76. Bf2 Ng5+ 77. Kg2 Ke4 {White resigns} 0-1

[Event "Team 45 45 League T53"]
[Site "Internet Chess Club"]
[Date "2012.06.11"]
[Round "4"]
[White "jfiquett"]
[Black "vigneshv"]
[Result "1-0"]
[WhiteElo "1685"]
[BlackElo "1516"]
[Opening "QGD: 4.Bg5 Be7"]
[ECO "D53"]
[Time "18:00:28"]
[TimeControl "2700+45"]

1. d4 e6 2. c4 d5 3. Nc3 Nf6 4. Bg5 Be7 5. cxd5 exd5 6. e3 c6 7. Bd3 Bg4 8. Nf3
Nbd7 9. O-O O-O 10. Rb1 Ne4 11. Bxe7 Qxe7 12. h3 Bh5 13. Be2 Ndf6 14. Qc2 Rfe8
15. b4 b5 16. Rfc1 Bg6 17. Qd1 Nxc3 18. Rxc3 Bxb1 19. Qxb1 Rec8 20. Qc2 Qxb4 21.
Rxc6 Qf8 22. Ne5 a6 23. Ng4 Nxg4 24. Bxg4 Rxc6 25. Qxc6 Qd8 26. Bf3 Rc8 27. Qxa6
Rc1+ 28. Kh2 Qb8+ 29. g3 Rc2 30. Kg2 Qd8 31. Qb7 Qe8 32. Bxd5 h6 33. Bb3 Qc6+
34. Qxc6 Rxc6 35. e4 b4 36. f4 Kf8 37. e5 f6 38. d5 Rc5 39. e6 Ke7 40. f5 Rc3
41. h4 Rd3 42. Kh3 Rf3 43. Kg4 Rc3 44. Kf4 Rc1 45. Ke4 Re1+ 46. Kd4 Rg1 47. Kc5
Rxg3 48. d6+ Kf8 49. e7+ {Black resigns} 1-0

[Event "Team 45 45 League T53"]
[Site "Internet Chess Club"]
[Date "2012.06.11"]
[Round "4"]
[White "siddhu"]
[Black "alexping"]
[Result "0-1"]
[WhiteElo "1937"]
[BlackElo "1908"]
[Opening "French: Winawer, advance, 6...Ne7"]
[ECO "C18"]
[Time "12:03:23"]
[TimeControl "2700+45"]

1. e4 e6 2. d4 d5 3. Nc3 Bb4 4. a3 Bxc3+ 5. bxc3 Ne7 6. e5 c5 7. Bb5+ Bd7 8. a4
Qa5 9. Bxd7+ Nxd7 10. Qd2 O-O 11. f4 Rac8 12. Nf3 cxd4 13. cxd4 Qxd2+ 14. Kxd2
Nb6 15. Ba3 Nc4+ 16. Kd3 Ng6 17. g3 Rfd8 18. Rhb1 Rd7 19. Nd2 Nxd2 20. Kxd2 Rc4
21. Rb4 Rdc7 22. Ra2 b6 23. Rab2 Ne7 24. Rxc4 dxc4 25. Bxe7 c3+ 26. Kc1 cxb2+
27. Kxb2 Rxe7 {White resigns} 0-1

[Event "Team 45 45 League T53"]
[Site "Internet Chess Club"]
[Date "2012.06.08"]
[Round "4"]
[White "vaknight"]
[Black "Twan709"]
[Result "0-1"]
[WhiteElo "1691"]
[BlackElo "1713"]
[Opening "Bird's opening"]
[ECO "A03"]
[Time "19:30:49"]
[TimeControl "2700+45"]

1. f4 d5 2. b3 Nf6 3. Bb2 g6 4. e3 Bg7 5. Nf3 O-O 6. Bd3 c5 7. O-O Nc6 8. Na3 a6
9. c4 dxc4 10. Bxc4 b5 11. Be2 Nb4 12. Ne5 Bb7 13. Nc2 Nbd5 14. Ne1 Qc7 15. Rc1
Qb6 16. Kh1 Rfd8 17. N1d3 Rac8 18. Qe1 e6 19. Nf2 Ne7 20. Bc3 Nfd5 21. Bb2 Nb4
22. a3 Nbd5 23. Bf3 f6 24. Neg4 h5 25. Bxd5 Nxd5 26. e4 Nxf4 27. Nxf6+ Kh8 28.
Qe3 Qc7 29. g3 e5 30. gxf4 Bxf6 31. Nh3 Kg8 32. f5 Qc6 33. d3 Bg7 34. Ng5 Qf6
35. Ne6 gxf5 36. Nxg7 Kxg7 37. Rxf5 Qxf5 38. Rg1+ Kh7 39. Bc1 Qf6 40. Qe2 Qf7
41. Rg5 Rd6 42. Rxh5+ Kg8 43. Rf5 Qxf5 {White resigns} 0-1

[Event "Team 45 45 League T53"]
[Site "Internet Chess Club"]
[Date "2012.06.10"]
[Round "4"]
[White "ddlj81"]
[Black "MontanaSky"]
[Result "1-0"]
[WhiteElo "1783"]
[BlackElo "1740"]
[Opening "French: Winawer (Nimzovich) variation"]
[ECO "C15"]
[Time "22:02:43"]
[TimeControl "2700+45"]

1. e4 e6 2. d4 d5 3. Nc3 Bb4 4. a3 Bxc3+ 5. bxc3 dxe4 6. Qg4 Nf6 7. Qxg7 Rg8 8.
Qh6 c5 9. Ne2 Nc6 10. Qe3 Bd7 11. Bd2 Qc7 12. Ng3 O-O-O 13. Nxe4 Nxe4 14. Qxe4
f5 15. Qe3 cxd4 16. cxd4 Rg4 17. f4 e5 18. dxe5 Nxe5 19. O-O-O Nc4 20. Bxc4 Qxc4
21. g3 Rg6 22. Qc3 Qxc3 23. Bxc3 Bc6 24. Rxd8+ Kxd8 25. Rd1+ Kc7 26. Be5+ Kb6
27. Kb2 Rh6 28. Rd2 Kb5 29. Kb3 a5 30. c4+ Ka6 31. a4 Be4 32. c5 b5 33. axb5+
Kxb5 34. Bd6 Re6 35. Kc3 Bc6 36. Rb2+ Ka6 37. Rb6+ {Black resigns} 1-0